 Dungeon Crawl Stone Soup version 0.18-a0-1639-g7533f42 (webtiles) character file.

34 M4edhros the Ducker (level 3, -3/26 HPs)
             Began as an Octopode Fighter on Mar 27, 2016.
             Slain by Sigmund
             ... wielding a +0 scythe
              (11 damage)
             ... on level 2 of the Dungeon.
             The game lasted 00:00:40 (1099 turns).

M4edhros the Ducker (Octopode Fighter)              Turns: 1099, Time: 00:00:40

Health: -3/26      AC:  1    Str: 15    XL:     3   Next: 31%
Magic:  3/3        EV: 10    Int: 10    God:
Gold:   32         SH:  8    Dex: 12    Spells: 0 memorised, 2 levels left

rFire  . . .     SeeInvis .     a - +0 trident
rCold  . . .     Gourm    .     b - +0 shield
rNeg   . . .     Faith    .     (helmet restricted)
rPois  .         Spirit   .     (no amulet)
rElec  .         Dismiss  .     (no ring)
rCorr  .         Reflect  .     (no ring)
SustAt .         Harm     .     (no ring)
MR     .....                    (no ring)
Stlth  +++.......               (no ring)
                                (no ring)
                                (no ring)
                                (no ring)

@: drained, not resistant to hostile enchantments, fairly stealthy
A: almost no armour, amphibious, 8 rings, constrict 8, camouflage 1, gelatinous
body 1
a: no special abilities


You were on level 2 of the Dungeon.
You were not hungry.

You visited 1 branch of the dungeon, and saw 2 of its levels.

You collected 32 gold pieces.

Inventory:

Hand Weapons
 a - a +0 trident (weapon)
Armour
 b - a +0 shield (worn)
Jewellery
 h - an uncursed amulet of the gourmand {unknown}
Scrolls
 e - 2 scrolls of fog {unknown}
 f - 2 scrolls of teleportation {unknown}
 i - 2 scrolls of identify {unknown}
Potions
 c - a potion of might
 g - a potion of invisibility {unknown}
 j - a potion of resistance {unknown}
Comestibles
 d - a bread ration


   Skills:
 - Level 3.0(2.6) Fighting
 + Level 2.4(2.0) Polearms
 + Level 3.4(3.1) Dodging
 + Level 2.0(1.7) Stealth
 + Level 3.2(2.9) Shields


You had 2 spell levels left.
You didn't know any spells.

Dungeon Overview and Level Annotations

Branches:
Dungeon (2/15)

Altars:

Annotations:
D:2 Sigmund


Innate Abilities, Weirdness & Mutations

You cannot wear most types of armour.
You are amphibious.
You can wear up to eight rings at the same time.
You can use your tentacles to constrict eight enemies at once.
Your skin changes colour to match your surroundings (Stealth).
Your rubbery body absorbs attacks (AC +1).


Message History

Attack whom?
Press: ? - help, Dir - move target cursor, f/p - Sigmund
Aim: Sigmund, wielding a scythe and wearing a robe (lightly wounded)
You reach to attack!
You hit Sigmund but do no damage.
Sigmund is lightly wounded.
Sigmund is nearby!
Attack whom?
Press: ? - help, Dir - move target cursor, f/p - Sigmund
Aim: Sigmund, wielding a scythe and wearing a robe (lightly wounded)
You reach to attack!
You hit Sigmund.
Sigmund is moderately wounded.
Sigmund hits you from afar with a scythe!
Sigmund barely misses you.
You closely miss Sigmund. You grab Sigmund.
Sigmund is moderately wounded.
You constrict Sigmund. Sigmund hits you with a scythe.
You puncture Sigmund! You squeeze Sigmund.
Sigmund is severely wounded.
You constrict Sigmund. Sigmund hits you with a scythe!
You die...

≈..## ≈...# ....#
....# ....# ##....###
#.@...... #####@....##
#....).......
#.###.....###
#.###.....#
#.########.........#
#....<.....###.......
#.#######.......##.###
#..........#
##†###.### #


You could see Sigmund.

Vanquished Creatures
  A dart slug (D:1)
  A giant gecko (D:1)
  2 giant cockroaches (D:1)
  8 goblins
  3 hobgoblins (D:1)
  4 jackals (D:1)
  2 bats (D:1)
  A giant newt (D:1)
  3 kobolds (D:1)
  2 rats (D:2)
27 creatures vanquished.

Notes
Turn   | Place    | Note
--------------------------------------------------------------
     0 | D:1      | M4edhros the Octopode Fighter began the quest for the Orb.
     0 | D:1      | Reached XP level 1. HP: 16/16 MP: 1/1
    41 | D:1      | Reached skill level 1 in Stealth
    46 | D:1      | Reached XP level 2. HP: 3/21 MP: 2/2
    48 | D:1      | HP: 1/21 [jackal (2)]
   693 | D:1      | Reached XP level 3. HP: 21/26 MP: 3/3
  1093 | D:2      | Noticed Sigmund
  1099 | D:2      | Slain by Sigmund

Vault maps used:
D:1:      dpeg_arrival_erosion, minmay_misc_feat_tower, minmay_misc_feat_pillars
D:2:      kiku_gazebo_pond_becter, lightli_temple_of_fire, first_bread,
          feat_on_display, uniq_sigmund

Skill      XL: |  1  2  3 |
---------------+----------+-----
Stealth        | 1 2 |  2.0
Fighting       | |  3.0
Polearms       | |  2.4
Dodging        | |  3.4
Shields        | |  3.2

Action                   || total
-------------------------++-------
Melee: Trident           ||    67
 Stab: Sleeping          ||     5
  Eat: Chunk             ||     1
